[Event "ICC tourney 2906 (40 10)"]
[Site "Internet Chess Club"]
[Date "2022.05.07"]
[Round "2"]
[White "Nguyen, Hoa Duc:leoman"]
[Black "KOEHL, EVAN:MacAndSneeze"]
[Result "1-0"]
[ICCResult "Black resigns"]
[WhiteElo "2492"]
[BlackElo "1790"]
[Opening "Sicilian: closed"]
[ECO "B23"]
[NIC "SI.44"]
[Time "13:15:19"]
[PlyCount "63"]
[TimeControl "2400+10"]

1. e4 c5 2. Nc3 a6 3. g3 b5 4. Bg2 Bb7 5. Nge2 d6 6. O-O Nf6 7. d3 e6 8. f4
Be7 9. e5 Nd5 10. Ne4 dxe5 11. fxe5 Nc6 12. Nf4 Nxe5 13. Qh5 Ng6 14. Nxg6
fxg6 15. Qe5 Kd7 16. Rf7 Qb8 17. Nxc5+ Ke8 18. Qxe6 Qc8 19. Qxc8+ Rxc8 20.
Nxb7 Kxf7 21. Bxd5+ Ke8 22. c4 bxc4 23. dxc4 Kd7 24. Bf4 Bf6 25. Rd1 Bxb2
26. c5 Ba3 27. c6+ Ke7 28. Bg5+ Ke8 29. Re1+ Kf8 30. Rf1+ Ke8 31. Bf7+ Kf8
32. Be6+ {Black resigns} 1-0

[Event "ICC tourney 2906 (40 10)"]
[Site "Internet Chess Club"]
[Date "2022.05.07"]
[Round "2"]
[White "WANG, ALEXANDER J:ickyquarter"]
[Black "WANG, TED:tedwpnw"]
[Result "1-0"]
[ICCResult "Black resigns"]
[WhiteElo "1929"]
[BlackElo "1711"]
[Opening "Sicilian: Pelikan (Lasker/Sveshnikov) variation"]
[ECO "B33"]
[NIC "SI.35"]
[Time "13:15:16"]
[PlyCount "69"]
[TimeControl "2400+10"]

1. e4 c5 2. Nf3 Nc6 3. d4 cxd4 4. Nxd4 Nf6 5. Nc3 e5 6. Nde2 Bb4 7. Bd2 O-O
8. g3 d5 9. exd5 Nxd5 10. Bg2 Be6 11. O-O Nb6 12. b3 Qe7 13. Be3 Rfd8 14.
Qc1 Ba3 15. Qe1 Nb4 16. Qb1 Rac8 17. Bc1 Bxc1 18. Rxc1 Rd2 19. a3 N4d5 20.
Nxd5 Bxd5 21. Bxd5 Nxd5 22. c4 Nf6 23. Nc3 Qc5 24. Qf5 Rcd8 25. Rd1 Rxd1+
26. Rxd1 Rxd1+ 27. Nxd1 h6 28. Ne3 b6 29. b4 Qc7 30. Qc2 Kf8 31. c5 bxc5 32.
bxc5 Qc6 33. Nf5 g6 34. Nd6 Nd7 35. Qb3 {Black resigns} 1-0

[Event "ICC tourney 2906 (40 10)"]
[Site "Internet Chess Club"]
[Date "2022.05.07"]
[Round "2"]
[White "Turcotte, Jonathan:JonnyTurgi"]
[Black "KHANIN, SEMEN:TTU-Khanin"]
[Result "0-1"]
[ICCResult "White resigns"]
[WhiteElo "2000"]
[BlackElo "2567"]
[Opening "QGD: Ragozin variation"]
[ECO "D38"]
[NIC "NI.27"]
[Time "13:15:12"]
[PlyCount "68"]
[TimeControl "2400+10"]

1. d4 Nf6 2. c4 e6 3. Nf3 d5 4. Nc3 Bb4 5. Bg5 h6 6. Bxf6 Qxf6 7. e3 O-O 8.
Rc1 c6 9. Qb3 Ba5 10. Bd3 Nd7 11. cxd5 exd5 12. O-O Re8 13. a3 Qd8 14. Qc2
Nf6 15. b4 Bc7 16. h3 Bd6 17. Na4 Ne4 18. Nc5 Qe7 19. Rfe1 Bf5 20. Nd2 b6
21. Ncxe4 dxe4 22. Ba6 Qg5 23. Qxc6 Rad8 24. Bf1 Re6 25. Qc2 Rg6 26. Nxe4
Qh4 27. f3 Qxh3 28. f4 Rc8 29. Qd3 Rxc1 30. Rxc1 Bxf4 31. Rc8+ Bxc8 32. Nf6+
gxf6 33. Qxg6+ fxg6 34. gxh3 Bxe3+ {White resigns} 0-1

[Event "ICC tourney 2906 (40 10)"]
[Site "Internet Chess Club"]
[Date "2022.05.07"]
[Round "2"]
[White "QI, JENNY:eevee11"]
[Black "LIVNE, OREN:orenlivne"]
[Result "0-1"]
[ICCResult "White checkmated"]
[WhiteElo "1424"]
[BlackElo "1844"]
[Opening "Sicilian: accelerated fianchetto, modern variation"]
[ECO "B34"]
[NIC "SI.33"]
[Time "13:15:18"]
[PlyCount "132"]
[TimeControl "2400+10"]

1. e4 c5 2. Nf3 g6 3. d4 cxd4 4. Nxd4 Nc6 5. Nc3 Bg7 6. Be3 Nf6 7. f3 O-O 8.
Bc4 Qb6 9. Bb3 Nxe4 10. Nxe4 Bxd4 11. Bxd4 Qxd4 12. Qxd4 Nxd4 13. O-O-O
Nxb3+ 14. axb3 d6 15. Rhe1 Rd8 16. Nc3 Be6 17. Nd5 Bxd5 18. Rxd5 Kf8 19. Rd3
Rac8 20. c3 Rc5 21. Rd4 Rdc8 22. Ra4 a6 23. Rb4 R8c7 24. Kd2 e6 25. Rd4 d5
26. Kd3 Kg7 27. c4 dxc4+ 28. bxc4 b5 29. b3 bxc4+ 30. Rxc4 Rd7+ 31. Kc2 Rcd5
32. Re2 Ra5 33. Ra4 Rc5+ 34. Rc4 Rh5 35. h3 Rb5 36. Ra4 Rc7+ 37. Rc4 Rcb7
38. Re3 a5 39. Rec3 Rg5 40. g4 h5 41. Rc5 Rb5 42. Rxg5 Rxg5 43. Rc4 Re5 44.
Kd2 Kh6 45. Rc3 Kg5 46. Re3 Rxe3 47. Kxe3 Kh4 48. Kd4 Kxh3 49. Kc5 h4 50.
Kb5 Kg3 51. Kxa5 h3 52. b4 h2 53. b5 h1=Q 54. b6 Qa1+ 55. Kb5 Qe5+ 56. Ka6
Qb8 57. b7 Kxf3 58. Kb6 Kxg4 59. Kc6 Kf5 60. Kc5 Qxb7 61. Kd4 Qd5+ 62. Kc3
Ke4 63. Kb2 Kd3 64. Ka1 Qg2 65. Kb1 Kc3 66. Ka1 Qb2# {White checkmated} 0-1

[Event "ICC tourney 2906 (40 10)"]
[Site "Internet Chess Club"]
[Date "2022.05.07"]
[Round "2"]
[White "Kodarapu, Ishaan:pika0008"]
[Black "YAN, RUIYANG:jy2020"]
[Result "0-1"]
[ICCResult "White checkmated"]
[WhiteElo "1958"]
[BlackElo "2185"]
[Opening "English: Mikenas-Carls, Flohr variation"]
[ECO "A18"]
[NIC "EO.57"]
[Time "13:15:17"]
[PlyCount "66"]
[TimeControl "2400+10"]

1. c4 Nf6 2. Nc3 e6 3. e4 d5 4. e5 d4 5. exf6 dxc3 6. bxc3 Qxf6 7. Nf3 b6 8.
d4 Bb7 9. Be2 h6 10. O-O Bd6 11. Be3 O-O 12. h3 Nd7 13. Nd2 Qe7 14. Bf3 Bxf3
15. Qxf3 e5 16. Rae1 Rae8 17. Qc6 Kh8 18. Nb3 e4 19. f4 exf3 20. Rxf3 Qe6
21. Qb5 c6 22. Qa4 Bb8 23. Ref1 Qg6 24. Qa3 Nf6 25. Qc1 Ne4 26. Nd2 Ng3 27.
R1f2 Qd3 28. Qb1 Qxc3 29. Bxh6 Qxd4 30. Bg5 Re2 31. Qb3 Re1+ 32. Nf1 Rxf1+
33. Kh2 Rh1# {White checkmated} 0-1

[Event "ICC tourney 2906 (40 10)"]
[Site "Internet Chess Club"]
[Date "2022.05.07"]
[Round "2"]
[White "QUIRKE, JEFFREY L:PawnEatingZombi"]
[Black "GUSEINOV, GADIR:GGuseinov"]
[Result "0-1"]
[ICCResult "White resigns"]
[WhiteElo "2029"]
[BlackElo "2711"]
[Opening "Pirc: classical, h3 system"]
[ECO "B08"]
[NIC "PU.10"]
[Time "13:15:47"]
[PlyCount "70"]
[TimeControl "2400+10"]

1. d4 d6 2. e4 Nf6 3. Nc3 g6 4. Nf3 Bg7 5. h3 O-O 6. Be3 c6 7. a4 Nbd7 8. a5
e5 9. dxe5 dxe5 10. Qd6 Ne8 11. Qd2 Qe7 12. Bc4 Nc7 13. O-O b5 14. axb6 Nxb6
15. Bd3 Be6 16. Na4 Rfb8 17. Nxb6 axb6 18. Rxa8 Nxa8 19. Qc3 c5 20. Bc4 Nc7
21. Ng5 Bxc4 22. Qxc4 h6 23. Nf3 Ne6 24. c3 Rd8 25. Ra1 Qb7 26. Qa6 Qxe4 27.
Qxb6 Qd5 28. Ra7 g5 29. Qb7 Qxb7 30. Rxb7 f5 31. Re7 Rd6 32. b4 cxb4 33.
cxb4 e4 34. Nd2 Kf8 35. Bc5 Nxc5 {White resigns} 0-1

[Event "ICC tourney 2906 (40 10)"]
[Site "Internet Chess Club"]
[Date "2022.05.07"]
[Round "2"]
[White "LIANG, YU-CHENG:Yucheng"]
[Black "Lie, Yoeng Kiong:yoengkiong333"]
[Result "0-1"]
[ICCResult "White resigns"]
[WhiteElo "1994"]
[BlackElo "2338"]
[Opening "Dutch defense: Dutch-Indian (Nimzo-Dutch) variation"]
[ECO "A90"]
[NIC "HD.03"]
[Time "13:15:16"]
[PlyCount "90"]
[TimeControl "2400+10"]

1. d4 f5 2. c4 e6 3. g3 Nf6 4. Bg2 Bb4+ 5. Nc3 O-O 6. Nf3 Bxc3+ 7. bxc3 d6
8. O-O Nc6 9. Ba3 Ne4 10. Qd3 Bd7 11. Nd2 Nxd2 12. Qxd2 Rb8 13. Rab1 b6 14.
c5 Na5 15. Qd3 dxc5 16. dxc5 Rf7 17. Bb4 Nc6 18. cxb6 axb6 19. Bxc6 Bxc6 20.
Qxd8+ Rxd8 21. Rfd1 Rfd7 22. Rxd7 Rxd7 23. c4 Rd4 24. Rc1 Kf7 25. f4 e5 26.
e3 Re4 27. Kf2 Bd7 28. Bd2 Ke6 29. c5 Ra4 30. Rc2 exf4 31. cxb6 fxg3+ 32.
hxg3 cxb6 33. Rb2 b5 34. Bb4 Bc6 35. a3 Be4 36. Rd2 Ra6 37. Rd8 Rc6 38. Rd4
g5 39. Rd8 Rc1 40. Re8+ Kf7 41. Re7+ Kf6 42. Rxh7 Rc2+ 43. Kf1 f4 44. Re7
Bd3+ 45. Kg1 f3 {White resigns} 0-1

[Event "ICC tourney 2906 (40 10)"]
[Site "Internet Chess Club"]
[Date "2022.05.07"]
[Round "2"]
[White "WEN, YILI:yyyw"]
[Black "WU, JAYDEN:SparkyNinja"]
[Result "0-1"]
[ICCResult "White resigns"]
[WhiteElo "2150"]
[BlackElo "1771"]
[Opening "Catalan: closed, main line"]
[ECO "E09"]
[NIC "RE.11"]
[Time "13:17:07"]
[PlyCount "62"]
[TimeControl "2400+10"]

1. c4 Nf6 2. Nf3 e6 3. g3 d5 4. Bg2 Be7 5. O-O O-O 6. d4 c6 7. Qc2 Nbd7 8.
Nbd2 b6 9. Rd1 Bb7 10. e4 dxc4 11. Nxc4 b5 12. Nce5 Rc8 13. Nxd7 Nxd7 14.
Bf4 Qb6 15. a4 a6 16. Qc3 Nf6 17. Ne1 c5 18. d5 exd5 19. exd5 Rfd8 20. a5
Qa7 21. d6 Bf8 22. Bh3 Rc6 23. d7 Ba8 24. Nf3 Qb7 25. Ne5 Re6 26. f3 Nd5 27.
Qd3 Nxf4 28. gxf4 c4 29. Qc3 Bc5+ 30. Kg2 Rxe5 31. fxe5 b4 {White resigns}
0-1

[Event "ICC tourney 2906 (40 10)"]
[Site "Internet Chess Club"]
[Date "2022.05.07"]
[Round "2"]
[White "TAO, SIHAN:K06-16931716"]
[Black "SHEEHAN, ETHAN THOMAS:Chessking2008"]
[Result "1-0"]
[ICCResult "Black resigns"]
[WhiteElo "1847"]
[BlackElo "2276"]
[Opening "Caro-Kann: Tartakower (Nimzovich) variation"]
[ECO "B15"]
[NIC "CK.06"]
[Time "13:15:47"]
[PlyCount "115"]
[TimeControl "2400+10"]

1. e4 c6 2. d4 d5 3. Nc3 dxe4 4. Nxe4 Nf6 5. Nxf6+ exf6 6. c3 Bd6 7. Bd3 O-O
8. Ne2 Re8 9. O-O Qc7 10. h3 Nd7 11. Qc2 Nf8 12. Be3 b5 13. c4 bxc4 14. Bxc4
Be6 15. Rac1 Qa5 16. a3 Rac8 17. Bf4 Bxf4 18. Nxf4 Bxc4 19. Qxc4 Nd7 20. Qc3
Qa4 21. Rfe1 Red8 22. Nd3 Qb5 23. Nb4 Nb8 24. Qc4 Qb7 25. Rc2 g6 26. Rce2
Qb5 27. Rc1 a5 28. Nd3 Qd5 29. Qxd5 Rxd5 30. Rc4 Rcd8 31. Nc5 Kf8 32. Nb3
R8d6 33. Rec2 Rb5 34. Nc5 f5 35. b4 axb4 36. a4 Rb6 37. a5 Rb5 38. a6 Ra5
39. Nb7 Rdd5 40. Nxa5 Rxa5 41. Rxb4 Nxa6 42. Rb6 c5 43. d5 Nb4 44. Rd2 Ra8
45. d6 Rd8 46. Rb5 Na6 47. Ra5 Nb8 48. Rxc5 Nd7 49. Rc7 Nf6 50. f3 Ne8 51.
Rc6 Rd7 52. Rc8 h5 53. Re2 Rxd6 54. Rexe8+ Kg7 55. Rg8+ Kf6 56. Kh2 Rd7 57.
Rc6+ Ke7 58. Rgc8 {Black resigns} 1-0

[Event "ICC tourney 2906 (40 10)"]
[Site "Internet Chess Club"]
[Date "2022.05.07"]
[Round "2"]
[White "SHOLL, CRAIG H:craigsholl66"]
[Black "REVESZ, GREGORY:GRevesz"]
[Result "1/2-1/2"]
[ICCResult "Game drawn by mutual agreement"]
[WhiteElo "1663"]
[BlackElo "1866"]
[Opening "Sicilian: Hungarian variation"]
[ECO "B27"]
[NIC "SI.43"]
[Time "13:15:30"]
[PlyCount "87"]
[TimeControl "2400+10"]

1. e4 c5 2. Nf3 g6 3. Nc3 Bg7 4. Bc4 Nc6 5. O-O e6 6. Re1 d6 7. d3 Nge7 8.
Bg5 h6 9. Bh4 a6 10. a4 Rb8 11. Qd2 Nd4 12. Nxd4 cxd4 13. Ne2 b5 14. axb5
axb5 15. Bb3 g5 16. Bg3 O-O 17. Qb4 e5 18. c3 dxc3 19. bxc3 Kh8 20. f3 f5
21. Bf2 f4 22. d4 Nc6 23. Qa3 b4 24. cxb4 Nxb4 25. Ba4 Ba6 26. Reb1 Bxe2 27.
Rxb4 g4 28. fxg4 Bxg4 29. Bd1 Bxd1 30. Rxd1 Rxb4 31. Qxb4 f3 32. dxe5 Qg5
33. Bg3 Qe3+ 34. Bf2 Qg5 35. g3 dxe5 36. Qd2 Qg4 37. Qc2 h5 38. Re1 Kh7 39.
Kh1 h4 40. Rg1 h3 41. Rd1 Rf7 42. Qd3 Qg6 43. Rf1 Qf6 44. Be1
{Game drawn by mutual agreement}
1/2-1/2

[Event "ICC tourney 2906 (40 10)"]
[Site "Internet Chess Club"]
[Date "2022.05.07"]
[Round "3"]
[White "REVESZ, GREGORY:GRevesz"]
[Black "MARKOVIC, GORAN:Goran21"]
[Result "0-1"]
[ICCResult "White resigns"]
[WhiteElo "1866"]
[BlackElo "1794"]
[Opening "Giuoco Piano"]
[ECO "C54"]
[NIC "IG.02"]
[Time "15:30:35"]
[PlyCount "52"]
[TimeControl "2400+10"]

1. e4 e5 2. Nf3 Nc6 3. Bc4 Bc5 4. c3 Nf6 5. O-O Nxe4 6. d4 exd4 7. cxd4 Be7
8. d5 Nb8 9. Qd4 Nf6 10. g4 O-O 11. g5 Ne8 12. Kh1 d6 13. Bd3 c5 14. Qh4 g6
15. Nc3 f5 16. Qg3 Nd7 17. b3 a6 18. a4 b6 19. Bb2 Ng7 20. Ne2 Nh5 21. Qh4
Ne5 22. Nxe5 dxe5 23. Bc4 Bd6 24. Rg1 Bb7 25. Rad1 Qd7 26. f3 b5 {White
resigns} 0-1

[Event "ICC tourney 2906 (40 10)"]
[Site "Internet Chess Club"]
[Date "2022.05.07"]
[Round "3"]
[White "YAN, RUIYANG:jy2020"]
[Black "SAFARLI, ELTAJ:KRASAVCHIK"]
[Result "0-1"]
[ICCResult "White resigns"]
[WhiteElo "2185"]
[BlackElo "2650"]
[Opening "Sicilian defense"]
[ECO "B33"]
[NIC "SI.34"]
[Time "15:30:57"]
[PlyCount "98"]
[TimeControl "2400+10"]

1. e4 c5 2. Nf3 Nc6 3. d4 cxd4 4. Nxd4 Nf6 5. Nc3 e6 6. Nxc6 bxc6 7. e5 Nd5
8. Ne4 Bb7 9. c4 Nb4 10. Bd2 c5 11. Bxb4 cxb4 12. Nd6+ Bxd6 13. Qxd6 Qb6 14.
O-O-O Qxd6 15. Rxd6 Rc8 16. f4 g5 17. Bd3 gxf4 18. Rf1 Rg8 19. Rxf4 Rxg2 20.
Rfd4 Rc7 21. Bxh7 Rxh2 22. Be4 Re2 23. Bxb7 Rxb7 24. c5 Rxe5 25. Rc4 Rc7 26.
c6 Rxc6 27. Rdxc6 dxc6 28. Rxb4 Rc5+ 29. Kd1 Rb5 30. Ra4 a5 31. b3 f5 32.
Ke2 Ke7 33. Ke3 Rc5 34. Rd4 e5 35. Ra4 Ke6 36. Rh4 Kd5 37. Kd2 e4 38. Rh8
Ke5 39. Rh7 Kf4 40. Rh4+ Kg3 41. Rh5 Rd5+ 42. Ke1 f4 43. Rh8 f3 44. Rg8+ Kf4
45. Rf8+ Ke3 46. Rf7 f2+ 47. Rxf2 Rd1+ 48. Kxd1 Kxf2 49. Kd2 e3+ {White
resigns} 0-1

[Event "ICC tourney 2906 (40 10)"]
[Site "Internet Chess Club"]
[Date "2022.05.07"]
[Round "3"]
[White "WU, JAYDEN:SparkyNinja"]
[Black "Kodarapu, Ishaan:pika0008"]
[Result "0-1"]
[ICCResult "White resigns"]
[WhiteElo "1771"]
[BlackElo "1958"]
[Opening "Sicilian: Nimzovich-Rossolimo attack (with ...g6, without ...d6)"]
[ECO "B31"]
[NIC "SI.31"]
[Time "15:30:37"]
[PlyCount "64"]
[TimeControl "2400+10"]

1. e4 c5 2. Nf3 Nc6 3. Bb5 g6 4. Bxc6 dxc6 5. h3 Bg7 6. d3 e5 7. Be3 b6 8.
Qd2 f6 9. Nc3 Ne7 10. Bh6 O-O 11. Bxg7 Kxg7 12. O-O Be6 13. Nh2 g5 14. Ne2
Ng6 15. Ng3 Nf4 16. Rfd1 Qd7 17. Nhf1 Rfd8 18. Ne3 c4 19. Ngf5+ Kh8 20. g3
cxd3 21. gxf4 gxf4 22. Ng4 Bxf5 23. exf5 Qxf5 24. Kh1 h5 25. Nh2 dxc2 26.
Qxd8+ Rxd8 27. Rxd8+ Kg7 28. Rd2 f3 29. Rc1 Qxh3 30. Rg1+ Qg2+ 31. Rxg2+
fxg2+ 32. Kxg2 c1=Q {White resigns} 0-1

[Event "ICC tourney 2906 (40 10)"]
[Site "Internet Chess Club"]
[Date "2022.05.07"]
[Round "3"]
[White "WANG, ALEXANDER J:ickyquarter"]
[Black "QUIRKE, JEFFREY L:PawnEatingZombi"]
[Result "1-0"]
[ICCResult "Black resigns"]
[WhiteElo "1929"]
[BlackElo "2029"]
[Opening "Caro-Kann: Tartakower (fantasy) variation"]
[ECO "B12"]
[NIC "CK.02"]
[Time "15:30:31"]
[PlyCount "123"]
[TimeControl "2400+10"]

1. e4 c6 2. d4 d5 3. f3 Qb6 4. Nc3 dxe4 5. Bc4 Nf6 6. fxe4 e5 7. Nf3 exd4 8.
Qxd4 Qxd4 9. Nxd4 Bc5 10. Nf3 O-O 11. Bg5 Nbd7 12. O-O-O Ng4 13. Rhe1 Nde5
14. Nxe5 Nxe5 15. Bb3 Bg4 16. Rd2 h6 17. Bf4 Ng6 18. Bg3 Rad8 19. Rxd8 Rxd8
20. h3 Be6 21. Bxe6 fxe6 22. a3 e5 23. Rd1 Be3+ 24. Kb1 Rd2 25. Rxd2 Bxd2
26. Ne2 Kf7 27. c3 Be3 28. Kc2 b5 29. Kd3 Bb6 30. c4 a6 31. b3 Ke6 32. Be1
Nf4+ 33. Nxf4+ exf4 34. Bc3 g5 35. Ke2 bxc4 36. bxc4 Bc7 37. Kf3 h5 38. a4
Be5 39. Ba5 Bf6 40. Bb4 Bd4 41. h4 gxh4 42. Kxf4 Kf6 43. Be1 Be5+ 44. Kf3
Kg5 45. Bd2+ Kf6 46. Ba5 Bg3 47. Bb6 Ke6 48. Bf2 Ke5 49. Bb6 Be1 50. Ba7 Ke6
51. Bd4 Bg3 52. Bf2 Ke5 53. Bxg3+ hxg3 54. Kxg3 Kxe4 55. Kh4 Kd4 56. Kxh5
Kxc4 57. g4 c5 58. g5 Kd3 59. g6 c4 60. g7 c3 61. g8=Q c2 62. Qg5
{Black resigns}
1-0

[Event "ICC tourney 2906 (40 10)"]
[Site "Internet Chess Club"]
[Date "2022.05.07"]
[Round "3"]
[White "GUSEINOV, GADIR:GGuseinov"]
[Black "Nguyen, Hoa Duc:leoman"]
[Result "1-0"]
[ICCResult "Black resigns"]
[WhiteElo "2711"]
[BlackElo "2492"]
[Opening "Sicilian: closed"]
[ECO "B23"]
[NIC "SI.44"]
[Time "15:31:58"]
[PlyCount "39"]
[TimeControl "2400+10"]

1. e4 c5 2. Nc3 d6 3. Bb5+ Bd7 4. Bxd7+ Qxd7 5. d4 cxd4 6. Qxd4 Nf6 7. Bg5
Qg4 8. Qb4 Nbd7 9. Bxf6 Qxg2 10. Bd4 e6 11. O-O-O Qxh1 12. Nb5 Rc8 13. Bxg7
Bxg7 14. Nxd6+ Kd8 15. Nxf7+ Ke8 16. Nd6+ Kd8 17. Qxb7 Bxb2+ 18. Qxb2 Rg8
19. Qb7 Rc7 20. Qa8+ {Black resigns} 1-0

[Event "ICC tourney 2906 (40 10)"]
[Site "Internet Chess Club"]
[Date "2022.05.07"]
[Round "3"]
[White "KHANIN, SEMEN:TTU-Khanin"]
[Black "LIU, ERIC CHANG:el008"]
[Result "1-0"]
[ICCResult "Black resigns"]
[WhiteElo "2567"]
[BlackElo "2059"]
[Opening "Sicilian: Alapin's variation (2.c3)"]
[ECO "B22"]
[NIC "SI.46"]
[Time "15:30:30"]
[PlyCount "127"]
[TimeControl "2400+10"]

1. e4 c5 2. c3 Nf6 3. e5 Nd5 4. Bc4 Nb6 5. Bb3 Nc6 6. Nf3 d6 7. exd6 Qxd6 8.
O-O g6 9. d4 cxd4 10. cxd4 Bg7 11. Nc3 Nxd4 12. Nxd4 Qxd4 13. Qxd4 Bxd4 14.
Nb5 Be5 15. Re1 f6 16. Bh6 Bd7 17. Rxe5 fxe5 18. Nc7+ Kd8 19. Nxa8 Nxa8 20.
Bg7 Re8 21. Bf7 e4 22. Re1 Bc6 23. Rd1+ Kc8 24. Bxe8 Bxe8 25. Bf8 e6 26. Be7
Bd7 27. Rd4 e3 28. fxe3 Nb6 29. Bc5 Na4 30. Ba3 b5 31. Rd3 a6 32. b3 Nb6 33.
e4 a5 34. Bc5 Na8 35. g4 Bc6 36. Rd6 Bxe4 37. Rxe6 Bf3 38. g5 Nc7 39. Re7 a4
40. bxa4 bxa4 41. Rxh7 Nd5 42. Kf2 Be4 43. a3 Bf5 44. h4 Nf4 45. Ke3 Ne6 46.
Bd6 Kd8 47. Ra7 Bc2 48. Kd2 Bf5 49. Rxa4 Kd7 50. Bh2 Kc6 51. Rb4 Kd5 52. Bg1
Be4 53. a4 Ke5 54. a5 Bh1 55. a6 Kf5 56. a7 Nc7 57. Rb6 Kg4 58. Rxg6 Be4 59.
Rg7 Na8 60. g6 Kxh4 61. Rg8 Kg5 62. g7 Kg6 63. Re8 Kxg7 64. Rxe4 {Black
resigns} 1-0

[Event "ICC tourney 2906 (40 10)"]
[Site "Internet Chess Club"]
[Date "2022.05.07"]
[Round "3"]
[White "LIN, LEO FANYUE:Leolix"]
[Black "LU, YIDING:K05-16857692"]
[Result "1-0"]
[ICCResult "Black checkmated"]
[WhiteElo "2000"]
[BlackElo "1827"]
[Opening "French: Two knights variation"]
[ECO "C00"]
[NIC "FR.01"]
[Time "15:30:53"]
[PlyCount "57"]
[TimeControl "2400+10"]

1. e4 e6 2. Nc3 d5 3. Nf3 Nf6 4. e5 Nfd7 5. d4 a6 6. Bd3 c5 7. dxc5 Nc6 8.
Bf4 Nxc5 9. O-O b5 10. a3 Be7 11. Qd2 Bb7 12. Rfd1 Qc7 13. Bf1 O-O 14. Qe3
Rac8 15. b4 Ne4 16. Nxe4 dxe4 17. Nd2 Nxe5 18. Nxe4 Qxc2 19. Bxe5 Qxe4 20.
Rd7 Rfe8 21. Qg3 Bf8 22. Rad1 Qc6 23. h3 Ba8 24. Bd3 h6 25. Bb1 Qb6 26. Bh7+
Kxh7 27. Rxf7 Re7 28. Rxe7 Bxe7 29. Qxg7# {Black checkmated} 1-0

[Event "ICC tourney 2906 (40 10)"]
[Site "Internet Chess Club"]
[Date "2022.05.07"]
[Round "3"]
[White "LIVNE, OREN:orenlivne"]
[Black "Turcotte, Jonathan:JonnyTurgi"]
[Result "1-0"]
[ICCResult "Black resigns"]
[WhiteElo "1844"]
[BlackElo "2000"]
[Opening "Queen's pawn game, Darooha variation "]
[ECO "D11"]
[NIC "QP.09"]
[Time "15:30:32"]
[PlyCount "83"]
[TimeControl "2400+10"]

1. Nf3 d5 2. d4 Nf6 3. c4 c6 4. Qc2 dxc4 5. e4 b5 6. b3 cxb3 7. axb3 e6 8.
Bd2 Bb7 9. Ba5 Qc8 10. Bd3 a6 11. b4 Nbd7 12. O-O e5 13. dxe5 Ng4 14. e6
fxe6 15. Rc1 Be7 16. h3 Nge5 17. Nxe5 Nxe5 18. Be2 O-O 19. Nd2 c5 20. bxc5
Qc6 21. Ra3 Rac8 22. Bb4 Nd7 23. Nb3 Qxe4 24. Qxe4 Bxe4 25. Rxa6 Bd5 26. c6
Bxb4 27. cxd7 Rcd8 28. Nc5 Bxc5 29. Rxc5 b4 30. Rb6 b3 31. Bc4 Rxd7 32. Rxb3
Bxc4 33. Rxc4 Rd1+ 34. Kh2 Rxf2 35. Rb7 Rf7 36. Rc8+ Rf8 37. Rcc7 Re8 38.
Rxg7+ Kh8 39. Rxh7+ Kg8 40. Rhe7 Rdd8 41. Rxe8+ Rxe8 42. Kg3 {Black resigns}
1-0

[Event "ICC tourney 2906 (40 10)"]
[Site "Internet Chess Club"]
[Date "2022.05.07"]
[Round "3"]
[White "KOEHL, EVAN:MacAndSneeze"]
[Black "LIANG, YU-CHENG:Yucheng"]
[Result "0-1"]
[ICCResult "White resigns"]
[WhiteElo "1790"]
[BlackElo "1994"]
[Opening "Caro-Kann: two knights, 3...Bg4"]
[ECO "B11"]
[NIC "CK.01"]
[Time "15:32:25"]
[PlyCount "70"]
[TimeControl "2400+10"]

1. e4 c6 2. Nc3 d5 3. Nf3 Bg4 4. h3 Bxf3 5. Qxf3 e6 6. Be2 Nd7 7. O-O Ngf6
8. d4 dxe4 9. Nxe4 Nxe4 10. Qxe4 Nf6 11. Qd3 Bd6 12. Rd1 Qc7 13. Bf3 Bh2+
14. Kh1 Bf4 15. c3 Bxc1 16. Raxc1 O-O 17. Qc2 Rfd8 18. Kg1 a5 19. c4 Rd7 20.
Rd3 Rad8 21. Rcd1 h6 22. R1d2 Qf4 23. Qd1 Qf5 24. Bg4 Qg6 25. Be2 Ne4 26.
Rc2 Qf6 27. f3 Ng3 28. d5 exd5 29. cxd5 Rxd5 30. Rcd2 Qe6 31. Bf1 Rxd3 32.
Bxd3 Qe3+ 33. Kh2 Qxd2 34. Qxd2 Nf1+ 35. Bxf1 Rxd2 {White resigns} 0-1

[Event "ICC tourney 2906 (40 10)"]
[Site "Internet Chess Club"]
[Date "2022.05.07"]
[Round "3"]
[White "OPASKA, MICHAEL:mopaska1106"]
[Black "SHOLL, CRAIG H:craigsholl66"]
[Result "1/2-1/2"]
[ICCResult "Game drawn by mutual agreement"]
[WhiteElo "1778"]
[BlackElo "1663"]
[Opening "English opening"]
[ECO "A05"]
[NIC "EO.49"]
[Time "15:31:25"]
[PlyCount "84"]
[TimeControl "2400+10"]

1. Nf3 Nf6 2. c4 d5 3. g3 c5 4. Bg2 Nc6 5. cxd5 Nxd5 6. O-O e5 7. d3 Be7 8.
Nc3 Be6 9. Bd2 O-O 10. a3 a5 11. Rc1 Rc8 12. Ne4 b6 13. Qc2 Nd4 14. Nxd4
exd4 15. f4 f5 16. Ng5 Bxg5 17. fxg5 Qd6 18. Bf4 Qd7 19. Qd2 Rfe8 20. Bf3 g6
21. h4 Bf7 22. Rf2 Ne3 23. Rh2 Qe6 24. h5 gxh5 25. Bxh5 Bxh5 26. Rxh5 Ng4
27. Re1 Re7 28. b4 axb4 29. axb4 Rce8 30. bxc5 bxc5 31. Qc2 Qd5 32. Qb2 Rb7
33. Qa1 Rc8 34. e4 dxe3 35. g6 Qd4 36. gxh7+ Rxh7 37. Rg5+ Rg7 38. Rxf5 Qxa1
39. Rxa1 e2 40. Re1 c4 41. dxc4 Rxc4 42. Rxe2 Rc8
{Game drawn by mutual agreement}
1/2-1/2

[Event "ICC tourney 2906 (40 10)"]
[Site "Internet Chess Club"]
[Date "2022.05.07"]
[Round "3"]
[White "GU, CRYSTAL JIUZHOU:fantasymoon"]
[Black "QI, JENNY:eevee11"]
[Result "0-1"]
[ICCResult "White checkmated"]
[WhiteElo "1918"]
[BlackElo "1424"]
[Opening "Neo-Grünfeld (Kemeri) defense"]
[ECO "D71"]
[NIC "KI.80"]
[Time "15:30:36"]
[PlyCount "140"]
[TimeControl "2400+10"]

1. d4 Nf6 2. c4 g6 3. g3 d5 4. Bg2 dxc4 5. Qa4+ c6 6. Qxc4 Bg7 7. Nf3 O-O 8.
O-O Nbd7 9. Nbd2 Nb6 10. Qc2 Qc7 11. b3 Rd8 12. Bb2 Nfd5 13. e4 Nb4 14. Qc3
c5 15. Rfc1 Na6 16. Rc2 Qd7 17. e5 cxd4 18. Qxd4 Qxd4 19. Bxd4 Nd5 20. Nc4
Ndb4 21. Re2 Nc6 22. Bb2 Rb8 23. Rd2 Be6 24. Rad1 Bxc4 25. bxc4 Kf8 26. Bh3
Nc5 27. Ba3 Ne4 28. Rd7 Ke8 29. e6 fxe6 30. Bxe6 Nc3 31. R1d3 Nxa2 32. Ng5
Rxd7 33. Bxd7+ Kf8 34. Ne6+ Kf7 35. Nxg7 Kxg7 36. Be6 Nab4 37. Bb2+ Kf8 38.
Rf3+ Ke8 39. Bg7 Kd8 40. Bh6 Ne5 41. Re3 Nd7 42. Re4 Nf6 43. Rd4+ Ke8 44.
Bg7 Rd8 45. Bf7+ Kxf7 46. Rxd8 Kxg7 47. Rb8 b6 48. Rb7 Nc6 49. Rc7 Na5 50.
Rxe7+ Kf8 51. Rc7 a6 52. Kf1 h5 53. f3 Ne8 54. Ra7 Nxc4 55. Rxa6 Ke7 56. Ke2
Ned6 57. Kd3 b5 58. Ra7+ Ke6 59. Rg7 Ne5+ 60. Ke3 Nf5+ 61. Ke4 Nxg7 62. f4
Ng4 63. h4 Nf5 64. Kf3 b4 65. Kg2 b3 66. Kh3 b2 67. Kg2 b1=Q 68. Kf3 Qd3+
69. Kg2 Qe2+ 70. Kh3 Qh2# {White checkmated} 0-1